[Event "Titled Tuesday Blitz February 22 Early 2022"]
[White "Tregubov, Pavel V."]
[Black "Baches Garcia, Guillermo"]
[WhiteFideId "4115341"]
[BlackFideId "2209764"]
[WhiteElo "2341"]
[BlackElo "2400"]
[Result "1-0"]
[Round "03"]
[TimeControl "180+1"]
[Date "2022.02.22"]
[WhiteClock "0:01:23"]
[BlackClock "0:00:41"]

1. e4 c5 2. Nf3 d6 3. Bb5+ Bd7 4. Bxd7+ Qxd7 5. O-O Nf6 6. Qe2 Nc6 7. c3 e6 8. d4 cxd4 9. cxd4 d5 10. e5 Ne4 11. Be3 Be7 12. Ne1 f6 13. f3 Ng5 14. Nd3 O-O 15. Nc3 Nf7 16. f4 fxe5 17. fxe5 Ng5 18. Qg4 Ne4 19. Nxe4 dxe4 20. Qxe4 Rad8 21. Nf4 Nxd4 22. Bxd4 Qxd4+ 23. Qxd4 Rxd4 24. Nxe6 Rxf1+ 25. Kxf1 Rd2 26. Rc1 Rxb2 27. Rc7 Kf7 28. Nf4 Ke8 29. Nd5 Bd8 30. Rxg7 Rxa2 31. e6 Kf8 32. Rxh7 1-0


[Site "https://www.chess.com"]

[Event "Titled Tuesday Blitz February 22 Early 2022"]
[White "Tsatsalashvili, Keti"]
[Black "Necula, Iulian"]
[WhiteFideId "13603434"]
[BlackFideId "1232380"]
[WhiteElo "2246"]
[BlackElo "1776"]
[Result "1-0"]
[Round "03"]
[TimeControl "180+1"]
[Date "2022.02.22"]
[WhiteClock "0:00:34"]
[BlackClock "0:00:14"]

1. d4 d6 2. c4 f5 3. Nc3 Nf6 4. g3 g6 5. d5 Bg7 6. Bg2 O-O 7. Nh3 h6 8. O-O c6 9. Nf4 Kh7 10. e4 Qe8 11. Re1 g5 12. Nd3 cxd5 13. cxd5 Na6 14. e5 dxe5 15. Nxe5 Bd7 16. Be3 f4 17. gxf4 gxf4 18. Bxf4 Nh5 19. Bg3 Nxg3 20. hxg3 Bxe5 21. Rxe5 Qf7 22. Qe2 Nc7 23. Rxe7 Rae8 24. Rxf7+ Rxf7 25. Qd3+ Bf5 26. Be4 Bxe4 27. Nxe4 Ref8 28. Ng5+ Kg7 29. Qh7+ Kf6 30. Qxh6+ Ke7 31. Re1+ Kd7 32. Qh3+ Kd8 33. Nxf7+ Rxf7 34. Qh8+ Kd7 35. d6 Kxd6 36. Qd8+ Rd7 37. Rd1+ Kc6 38. Qxd7+ Kb6 39. Rd6+ 1-0


[Site "https://www.chess.com"]

[Event "Titled Tuesday Blitz February 22 Early 2022"]
[White "Unat, Can Haktan"]
[Black "Yang, Kaiqi"]
[WhiteFideId "6398073"]
[BlackFideId "8604398"]
[WhiteElo "1980"]
[BlackElo "2373"]
[Result "1/2-1/2"]
[Round "03"]
[TimeControl "180+1"]
[Date "2022.02.22"]
[WhiteClock "0:00:06"]
[BlackClock "0:00:10"]

1. e4 c5 2. Nf3 Nf6 3. d4 cxd4 4. e5 Nd5 5. c4 Nc7 6. Qxd4 Nc6 7. Qe4 g6 8. h4 h5 9. Nc3 Bg7 10. Bg5 Ne6 11. O-O-O Qa5 12. Bd2 Qb6 13. Nd5 Qxf2 14. Be3 Qg3 15. Ng5 Qg4 16. Qxg4 hxg4 17. Nxe6 fxe6 18. Nc7+ Kf7 19. Nxa8 Bxe5 20. Be2 g3 21. Rhf1+ Kg7 22. Bf4 Rxh4 23. Bxe5+ Nxe5 24. Nc7 Nxc4 25. Ne8+ Kg8 26. Rd3 d5 27. Rdf3 Bd7 28. Rf8+ Kh7 29. R1f7+ Kh6 30. Rh8+ Kg5 31. Rxh4 Kxh4 32. Rf4+ Kg5 33. Rg4+ Kf5 34. Ng7+ Kf6 35. Bd3 Ne5 36. Rxg3 Kxg7 37. Bc2 Kf6 38. Kd2 g5 39. b3 d4 40. Bd1 Bc6 41. Ke1 Be4 42. Kf2 b5 43. Rh3 b4 44. Rh6+ Bg6 45. Rh8 Nd3+ 46. Kf1 e5 47. Rd8 Nb2 48. Bg4 d3 49. Ke1 e4 50. Kd2 Ke5 51. g3 e6 52. Rd7 Bf5 53. Bh5 g4 54. Be8 a5 55. Rd8 Kf6 56. Bb5 Ke7 57. Rd7+ Kf6 58. Rd8 Ke5 59. Rd7 Kf6 60. Ra7 Ke5 61. Ba6 Kf6 62. Rd7 Ke5 63. Rd8 Kf6 64. Bb7 Ke5 65. Rh8 Kd4 66. Rd8+ Kc5 67. Ba8 a4 68. Bb7 a3 69. Ba6 Kb6 70. Bc8 Kc5 71. Bd7 Kd6 72. Bb5+ Ke7 73. Rd7+ Kf6 74. Rd8 Ke5 75. Rd7 Kf6 76. Rd8 Kf7 77. Rd7+ Kf6 1/2-1/2


[Site "https://www.chess.com"]

[Event "Titled Tuesday Blitz February 22 Early 2022"]
[White "Vakhlamov, Igor L."]
[Black "Vokhidov, Shamsiddin"]
[WhiteFideId "24126748"]
[BlackFideId "14204223"]
[WhiteElo "2401"]
[BlackElo "2611"]
[Result "0-1"]
[Round "03"]
[TimeControl "180+1"]
[Date "2022.02.22"]
[WhiteClock "0:01:53"]
[BlackClock "0:01:55"]

1. e4 c5 2. Nf3 Nc6 3. Nc3 d6 4. Bb5 Bd7 5. Bxc6 Bxc6 6. d4 cxd4 7. Qxd4 Nf6 8. Bg5 e6 9. O-O-O Be7 10. Rhe1 O-O 11. e5 dxe5 12. Nxe5 Qc7 13. Qc4 h6 14. Nxc6 bxc6 15. Bxf6 Bxf6 16. Ne4 Be7 17. g3 Rab8 18. Rd3 Rb4 19. Qc3 Rfb8 20. b3 R4b5 21. Red1 R8b7 22. Rd7 Qxd7 23. Rxd7 Rxd7 24. Qxc6 Ba3+ 25. Kb1 Rd1# 0-1


[Site "https://www.chess.com"]

[Event "Titled Tuesday Blitz February 22 Early 2022"]
[White "Van den Dikkenberg, Erik"]
[Black "Miszler, Levente"]
[WhiteFideId "1005880"]
[BlackFideId "763276"]
[WhiteElo "2118"]
[BlackElo "1966"]
[Result "1-0"]
[Round "03"]
[TimeControl "180+1"]
[Date "2022.02.22"]
[WhiteClock "0:00:48"]
[BlackClock "0:01:35"]

1. e4 e6 2. d4 d5 3. Nc3 Nf6 4. e5 Nfd7 5. f4 c5 6. Nf3 Nc6 7. Be3 Qb6 8. Qd2 Qxb2 9. Rb1 Qa3 10. Rb3 Qa5 11. Rb5 Qc7 12. dxc5 a6 13. Rb1 Nxc5 14. Nd4 Nxd4 15. Bxd4 Bd7 16. Be2 b5 17. O-O g6 18. Bf3 Nb7 19. Bxd5 Bc5 20. Bxb7 Bxd4+ 21. Qxd4 Qxb7 22. Ne4 Bc6 23. Nd6+ Kf8 24. Nxb7 1-0


[Site "https://www.chess.com"]

[Event "Titled Tuesday Blitz February 22 Early 2022"]
[White "Vifleemskaia, Svetlana"]
[Black "Stefanov, Plamen"]
[WhiteFideId "4129490"]
[BlackFideId "2900980"]
[WhiteElo "1901"]
[BlackElo "2137"]
[Result "0-1"]
[Round "03"]
[TimeControl "180+1"]
[Date "2022.02.22"]
[WhiteClock "0:00:02"]
[BlackClock "0:00:23"]

1. d4 Nf6 2. c4 c5 3. d5 b5 4. Nd2 a6 5. e4 d6 6. cxb5 g6 7. b3 Bg7 8. Bb2 O-O 9. Ngf3 Bg4 10. Qc2 Bxf3 11. Nxf3 Nxe4 12. Bxg7 Qa5+ 13. Ke2 Kxg7 14. Qxe4 Nd7 15. Nd2 Nf6 16. Qd3 axb5 17. f3 e6 18. dxe6 Rfe8 19. Kf2 Rxe6 20. Be2 Rae8 21. Rhe1 c4 22. bxc4 bxc4 23. Nxc4 Qc5+ 24. Kf1 d5 25. Nd2 Re3 26. Qb1 Qd4 27. Nb3 Qh4 28. h3 Nh5 29. Qb2+ f6 30. Kg1 Nf4 31. Nd4 Qg3 32. Bf1 Nxh3+ 33. Kh1 Rxe1 34. Rxe1 Rxe1 35. Qb7+ Kh6 36. Qb5 Qf2 0-1


[Site "https://www.chess.com"]

[Event "Titled Tuesday Blitz February 22 Early 2022"]
[White "Viskelis, Darius"]
[Black "Dounis, Alexandros"]
[WhiteFideId "12800830"]
[BlackFideId "4213238"]
[WhiteElo "1999"]
[BlackElo "2195"]
[Result "0-1"]
[Round "03"]
[TimeControl "180+1"]
[Date "2022.02.22"]
[WhiteClock "0:00:01"]
[BlackClock "0:00:09"]

1. e4 d5 2. exd5 Nf6 3. c4 c6 4. d4 cxd5 5. Nc3 Nc6 6. Bg5 e6 7. c5 Be7 8. Nf3 Ne4 9. Bf4 Nxc3 10. bxc3 O-O 11. Bb5 Bd7 12. O-O Na5 13. Rb1 a6 14. Bxd7 Qxd7 15. Ne5 Qc8 16. Qa4 Nc6 17. Rb6 Nxe5 18. Bxe5 Bd8 19. Rb3 Bc7 20. f4 f6 21. Bxc7 Qxc7 22. Rfb1 Rab8 23. Rb6 Qxf4 24. Rxe6 Qd2 25. Re7 Qxc3 26. Kh1 Rfd8 27. Qd1 Re8 28. Rbxb7 Rxb7 29. Rxe8+ Kf7 30. Re1 Re7 31. Rxe7+ Kxe7 32. h3 Kd8 33. Kh2 g6 34. Qa4 a5 35. Kh1 f5 36. Kh2 f4 37. Qd1 Kc7 38. Qa4 Kd8 39. a3 g5 40. Qd1 h6 41. a4 Qe3 42. Qh5 Qxd4 43. Qxh6 Qxc5 44. Qxg5+ Qe7 45. Qxf4 Qd7 46. Qd4 Qd6+ 47. g3 Qe6 48. h4 Qe2+ 49. Kh3 Qe6+ 50. g4 Qc6 51. h5 Ke7 52. Kh4 Kf7 53. g5 Qc4 54. Qg4 d4 55. g6+ Kg7 56. Qd7+ Kf6 0-1


[Site "https://www.chess.com"]

[Event "Titled Tuesday Blitz February 22 Early 2022"]
[White "Volkov, Maksim"]
[Black "Dreev, Aleksey"]
[WhiteFideId "54123070"]
[BlackFideId "4100107"]
[WhiteElo "2081"]
[BlackElo "2636"]
[Result "0-1"]
[Round "03"]
[TimeControl "180+1"]
[Date "2022.02.22"]
[WhiteClock "0:00:05"]
[BlackClock "0:00:06"]

1. d4 d5 2. c4 c6 3. Nf3 Nf6 4. g3 dxc4 5. Bg2 g6 6. O-O Bg7 7. Qc2 Be6 8. Nbd2 O-O 9. Nxc4 Na6 10. b3 Bf5 11. Qd1 Nb4 12. Bb2 Nd7 13. Qd2 Nd5 14. Nh4 Be6 15. e4 N5b6 16. Na5 Rb8 17. Rad1 Nf6 18. Ba3 Qd7 19. Rfe1 Rfe8 20. Nf3 Rbd8 21. Ne5 Qc8 22. Qc2 Ng4 23. Nf3 Nf6 24. Ne5 Nbd7 25. Nxd7 Rxd7 26. Nc4 Qc7 27. h3 Red8 28. Bb2 Re8 29. Ne5 Rdd8 30. Ba3 Nd7 31. Nc4 Nb6 32. Nxb6 Qxb6 33. Bc5 Qa5 34. d5 cxd5 35. exd5 Bf5 36. Qc4 Rc8 37. b4 Qa4 38. Qe2 Bf6 39. g4 Bd7 40. Qe4 b6 41. Be3 Qxa2 42. g5 Bg7 43. Bd4 Qc2 44. Qf4 Qf5 45. Qe3 a5 46. Bxg7 Kxg7 47. Qxb6 axb4 48. Qxb4 Qxg5 49. h4 Qf6 50. Rd3 Rb8 51. Qc5 Rbc8 52. Qb4 Bf5 53. Rg3 Rb8 54. Qf4 Bd7 55. Qc4 Rbc8 56. Qb4 h5 57. Bf3 Kh7 58. Kg2 Bf5 59. Rg5 Qd6 60. Qd4 Qf6 61. Qf4 Qd6 62. Qd4 f6 63. Rg3 e5 64. Qd2 e4 65. Be2 Rcd8 66. Rd1 Re5 67. Qf4 Rxd5 68. Rxd5 Qxd5 69. Bf1 Qd6 70. Qe3 Qe5 71. Be2 Qd5 72. Kg1 Qe5 73. Qa7+ Kh6 74. Qe3+ Kg7 75. Qa7+ Kf8 76. Qe3 Qd6 77. Qh6+ Kf7 78. Qh7+ Ke6 79. Qh6 Ke5 80. Qe3 Qd4 81. Qc1 Qd6 82. Qb2+ Qd4 83. Qc1 Ke6 84. Re3 Kf7 85. Rg3 Kg7 86. Qc7+ Rd7 87. Qf4 Qe5 88. Qe3 Kh7 89. Qb6 Rg7 90. Qe3 Qd5 91. Bf1 Bg4 92. Bg2 f5 93. Kh1 Qe5 94. Kh2 f4 0-1


[Site "https://www.chess.com"]

[Event "Titled Tuesday Blitz February 22 Early 2022"]
[White "Vovk, Orest"]
[Black "Gulevich, Artem"]
[WhiteFideId "14113490"]
[BlackFideId "24119580"]
[WhiteElo "2203"]
[BlackElo "2218"]
[Result "1-0"]
[Round "03"]
[TimeControl "180+1"]
[Date "2022.02.22"]
[WhiteClock "0:02:46"]
[BlackClock "0:02:27"]

1. h4 d5 2. h5 e6 3. e4 dxe4 4. Nc3 f5 5. d3 exd3 6. Bxd3 Nf6 7. h6 g6 8. Nf3 Bd6 9. Bg5 O-O 10. Qe2 e5 11. Bc4+ Kh8 12. Nxe5 Bxe5 13. Qxe5 Re8 14. Bxf6+ 1-0


[Site "https://www.chess.com"]

[Event "Titled Tuesday Blitz February 22 Early 2022"]
[White "Vusatiuk, Vladimir"]
[Black "Ardila, Oscar Humberto"]
[WhiteFideId "14118610"]
[BlackFideId "4404742"]
[WhiteElo "2157"]
[BlackElo "1898"]
[Result "1-0"]
[Round "03"]
[TimeControl "180+1"]
[Date "2022.02.22"]
[WhiteClock "0:00:50"]
[BlackClock "0:00:13"]

1. e4 e5 2. Nf3 Nc6 3. Bc4 Nf6 4. d4 exd4 5. e5 Ne4 6. Qe2 Nc5 7. O-O Be7 8. Rd1 Ne6 9. c3 dxc3 10. Nxc3 O-O 11. a3 d6 12. b4 a6 13. Bb2 Bd7 14. Rac1 Qc8 15. Nd5 Re8 16. Nxe7+ Rxe7 17. exd6 cxd6 18. Rxd6 Qc7 19. Rdd1 Rae8 20. Qd2 Bc8 21. a4 Rd8 22. Qc3 f6 23. Bxe6+ Bxe6 24. b5 Rxd1+ 25. Rxd1 axb5 26. axb5 Rd7 27. Rc1 Bd5 28. bxc6 Bxc6 29. h3 h6 30. Nd4 Rd6 31. Nb5 Qd7 32. Nxd6 Qxd6 33. Ba3 Qf4 34. Qc4+ Qxc4 35. Rxc4 Kf7 36. f3 Ke6 37. Kf2 Kd5 38. Rb4 Kc5 39. Rxb7+ Kc4 40. Rxg7 Kb3 41. Be7 f5 42. Rg6 Bd5 43. Rxh6 Kc4 44. Rf6 f4 45. Rxf4+ Kd3 46. g4 Bb3 47. g5 Bg8 48. g6 Kc3 49. Rf7 Kd2 50. h4 Kd3 51. h5 Kd2 52. h6 Kd1 53. h7 Kd2 54. hxg8=Q Kd1 55. Qd8+ Kc2 56. Bf8 Kc1 57. Rc7+ 1-0


[Site "https://www.chess.com"]

[Event "Titled Tuesday Blitz February 22 Early 2022"]
[White "Wagner, Dennis"]
[Black "Kozin, Yuri"]
[WhiteFideId "24650684"]
[BlackFideId "4129920"]
[WhiteElo "2355"]
[BlackElo "2565"]
[Result "1-0"]
[Round "03"]
[TimeControl "180+1"]
[Date "2022.02.22"]
[WhiteClock "0:00:51"]
[BlackClock "0:01:07"]

1. Nf3 c5 2. c4 Nf6 3. Nc3 e6 4. g3 Be7 5. Bg2 O-O 6. O-O d6 7. d4 cxd4 8. Nxd4 a6 9. e4 Qc7 10. Be3 Nbd7 11. Rc1 Ne5 12. b3 Bd7 13. h3 Rac8 14. f4 Ng6 15. Kh2 Qb8 16. a4 h5 17. Nf3 Bc6 18. Ng5 b5 19. cxb5 axb5 20. f5 exf5 21. exf5 Ne5 22. Bxc6 Neg4+ 23. hxg4 Nxg4+ 24. Kh3 Nxe3 25. Qxh5 Bxg5 26. Qxg5 Rxc6 27. Qxe3 Rfc8 28. Nxb5 Rxc1 29. Rxc1 Re8 30. Qf4 Qa8 31. Nxd6 Rd8 32. f6 Qd5 33. Nf5 1-0


[Site "https://www.chess.com"]

[Event "Titled Tuesday Blitz February 22 Early 2022"]
[White "Warchol, Kamil"]
[Black "Glavina, Pablo"]
[WhiteFideId "21858241"]
[BlackFideId "100234"]
[WhiteElo "1905"]
[BlackElo "2369"]
[Result "1-0"]
[Round "03"]
[TimeControl "180+1"]
[Date "2022.02.22"]
[WhiteClock "0:01:22"]
[BlackClock "0:00:22"]

1. e4 e5 2. Nf3 Nc6 3. Bc4 Nf6 4. d3 Bc5 5. c3 d6 6. Nbd2 O-O 7. Nf1 Be6 8. Ng3 Bxc4 9. dxc4 Ne7 10. O-O a5 11. Nh4 Qd7 12. Qf3 Qc6 13. Bg5 Ng6 14. Bxf6 gxf6 15. Nh5 d5 16. cxd5 Nxh4 17. Qg4+ Kh8 18. Qg7# 1-0


[Site "https://www.chess.com"]

[Event "Titled Tuesday Blitz February 22 Early 2022"]
[White "Wartiovaara, Oliver"]
[Black "Lopez Mulet, Inigo"]
[WhiteFideId "513024"]
[BlackFideId "22235620"]
[WhiteElo "1971"]
[BlackElo "2315"]
[Result "0-1"]
[Round "03"]
[TimeControl "180+1"]
[Date "2022.02.22"]
[WhiteClock "0:00:06"]
[BlackClock "0:01:47"]

1. e4 b6 2. d4 Bb7 3. Nc3 e6 4. Nf3 g6 5. Bd3 Bg7 6. Be3 Ne7 7. Qd2 h6 8. O-O-O d6 9. h4 a6 10. h5 g5 11. Nh2 c5 12. dxc5 dxc5 13. f4 gxf4 14. Bxf4 Nbc6 15. Nf3 b5 16. g4 Qa5 17. Kb1 c4 18. Be2 Rd8 19. Qe3 Rxd1+ 20. Rxd1 b4 21. Nd5 exd5 22. exd5 b3 23. cxb3 Nb4 24. a3 Nxd5 25. Rxd5 Qxd5 26. bxc4 Qe4+ 27. Qxe4 Bxe4+ 28. Ka2 O-O 29. c5 Nd5 30. Bd6 Rc8 31. Bxa6 Ra8 32. Be2 Nb4+ 33. Kb3 Nc6 34. Bb5 Bxf3 0-1


[Site "https://www.chess.com"]

[Event "Titled Tuesday Blitz February 22 Early 2022"]
[White "Weishaeutel, Moritz"]
[Black "Putri, Regita Desyari"]
[WhiteFideId "12967300"]
[BlackFideId "7109083"]
[WhiteElo "2002"]
[BlackElo "1930"]
[Result "1-0"]
[Round "03"]
[TimeControl "180+1"]
[Date "2022.02.22"]
[WhiteClock "0:00:23"]
[BlackClock "0:00:14"]

1. e4 e5 2. Nf3 Nc6 3. Bb5 a6 4. Ba4 Nf6 5. O-O Be7 6. Re1 b5 7. Bb3 d6 8. c3 O-O 9. h3 Bb7 10. d4 Re8 11. Ng5 Rf8 12. Nf3 Re8 13. Nbd2 Bf8 14. Nf1 exd4 15. cxd4 h6 16. Ng3 Na5 17. Bc2 c5 18. Bf4 Nc6 19. d5 Nb4 20. Bb1 a5 21. a3 Na6 22. Qd3 c4 23. Qd4 Nc5 24. Bc2 Nfd7 25. Nf5 Nf6 26. Rad1 Bc8 27. Nxd6 Bxd6 28. Bxd6 Qxd6 29. e5 Qb6 30. exf6 Rxe1+ 31. Rxe1 gxf6 32. Re8+ Kg7 33. Rxc8 Rxc8 34. Qg4+ Kf8 35. Qxc8+ 1-0


[Site "https://www.chess.com"]

[Event "Titled Tuesday Blitz February 22 Early 2022"]
[White "Yilmaz, Mustafa"]
[Black "Murzin, Volodar"]
[WhiteFideId "6302718"]
[BlackFideId "44155573"]
[WhiteElo "2568"]
[BlackElo "2585"]
[Result "1-0"]
[Round "03"]
[TimeControl "180+1"]
[Date "2022.02.22"]
[WhiteClock "0:00:10"]
[BlackClock "0:00:02"]

1. d4 Nf6 2. c4 g6 3. Nc3 Bg7 4. e4 O-O 5. Be2 d6 6. Nf3 e5 7. d5 Na6 8. Nd2 c6 9. Rb1 Bd7 10. g4 Rc8 11. h4 cxd5 12. cxd5 Nc5 13. h5 b5 14. g5 Ne8 15. Nxb5 Bxb5 16. Bxb5 Qa5 17. a4 Qb4 18. Qe2 Nb3 19. O-O Rxc1 20. Rbxc1 Nxd2 21. Rfd1 Nb3 22. Rc8 Nd4 23. Rxd4 exd4 24. h6 Be5 25. Bxe8 Qb7 26. Qc4 d3 27. Kf1 d2 28. Ke2 Bf4 29. Rc7 Qxb2 30. Bxf7+ Rxf7 31. Rc8+ Rf8 32. Rxf8+ Kxf8 33. Qc8+ Ke7 34. Qc7+ Ke8 35. Qc8+ Ke7 36. Qe6+ Kd8 37. Qg8+ Kc7 38. Qf7+ Kb6 39. Qxf4 d1=Q+ 40. Kxd1 Qb3+ 41. Ke2 Qxa4 42. Qxd6+ Kb7 43. Qe7+ Kb6 44. Qd8+ Kb7 45. Kf3 Qb3+ 46. Kg2 Qd3 47. Qd7+ Kb8 48. Qd6+ Kb7 49. Qc6+ Kb8 50. d6 Qd2 51. Qc7+ 1-0


[Site "https://www.chess.com"]

[Event "Titled Tuesday Blitz February 22 Early 2022"]
[White "Yushko, Olga"]
[Black "Wachinger, Guenther"]
[WhiteFideId "14114500"]
[BlackFideId "4604261"]
[WhiteElo "2028"]
[BlackElo "2212"]
[Result "0-1"]
[Round "03"]
[TimeControl "180+1"]
[Date "2022.02.22"]
[WhiteClock "0:00:03"]
[BlackClock "0:00:21"]

1. d4 d5 2. c4 e6 3. cxd5 exd5 4. Nc3 c6 5. Nf3 Bd6 6. Bg5 Qb6 7. Qc2 Ne7 8. e3 Bf5 9. Qd2 O-O 10. Be2 h6 11. Bh4 a5 12. O-O a4 13. Ne5 Nd7 14. Bd3 Bxd3 15. Qxd3 Nxe5 16. dxe5 Ng6 17. exd6 Nxh4 18. e4 Rfd8 19. e5 Ng6 20. Rfe1 Re8 21. Qg3 d4 22. Nd1 Qc5 23. f4 d3+ 24. Nf2 d2 25. Red1 Qd4 26. Kh1 Nxf4 27. Ng4 Ng6 28. h4 h5 29. Ne3 Rxe5 30. Nf1 Qxd6 31. Rxd2 Qb4 32. Rad1 Qxh4+ 33. Qxh4 Nxh4 34. Ng3 Ng6 35. Rd7 h4 36. Nf1 b5 37. Rc7 Re6 38. Rdd7 Ne5 39. Rd4 g5 40. Ne3 Rae8 41. Nf5 Ng6 42. Kh2 Re2 43. Nh6+ Kg7 44. Nxf7 R8e7 45. Rxe7 Nxe7 46. Nxg5 Rxb2 47. Rxh4 Rxa2 48. Ne6+ Kf6 49. Nd8 a3 50. Rh6+ Ke5 51. Nxc6+ Nxc6 52. Rxc6 Rb2 53. Ra6 b4 54. Ra4 a2 55. Kh3 b3 56. Kh2 Rb1 57. Ra5+ Kd4 58. Ra4+ Kc3 59. g4 a1=Q 60. Rxa1 Rxa1 61. Kg3 b2 0-1


[Site "https://www.chess.com"]

[Event "Titled Tuesday Blitz February 22 Early 2022"]
[White "Zaksaite, Salomeja"]
[Black "Elissalt Cardenas, Hector"]
[WhiteFideId "12801496"]
[BlackFideId "3500632"]
[WhiteElo "2002"]
[BlackElo "2159"]
[Result "0-1"]
[Round "03"]
[TimeControl "180+1"]
[Date "2022.02.22"]
[WhiteClock "0:00:10"]
[BlackClock "0:01:25"]

1. e4 d6 2. d4 Nf6 3. Nc3 e5 4. Nf3 Nbd7 5. Bc4 Be7 6. O-O O-O 7. Re1 c6 8. a4 b6 9. Ba2 a6 10. h3 Rb8 11. Bg5 b5 12. axb5 axb5 13. b4 h6 14. Bxf6 Bxf6 15. dxe5 Nxe5 16. Nd4 Bd7 17. Qd2 Qb6 18. Rad1 Bxh3 19. gxh3 Qxd4 20. Qxd4 Nf3+ 21. Kf1 Nxd4 22. Rd2 Nf3 0-1


[Site "https://www.chess.com"]

[Event "Titled Tuesday Blitz February 22 Early 2022"]
[White "Zavivaeva, Emilia"]
[Black "Galyas, Miklos"]
[WhiteFideId "34127531"]
[BlackFideId "707244"]
[WhiteElo "1685"]
[BlackElo "2409"]
[Result "0-1"]
[Round "03"]
[TimeControl "180+1"]
[Date "2022.02.22"]
[WhiteClock "0:00:20"]
[BlackClock "0:01:29"]

1. e4 d6 2. d4 g6 3. Nc3 c6 4. Be3 Bg7 5. Qd2 b5 6. f3 Nd7 7. g4 Nb6 8. h4 h5 9. g5 Qc7 10. d5 a6 11. Qf2 Rb8 12. Rd1 cxd5 13. Nxd5 Nxd5 14. exd5 Bxb2 15. Bd3 Bc3+ 16. Bd2 e5 17. Ne2 Bxd2+ 18. Rxd2 Ne7 19. Be4 Bf5 20. Ng3 Qb6 21. Bxf5 Qxf2+ 22. Kxf2 Nxf5 23. Nxf5 gxf5 24. Rb1 Ke7 25. Ke2 Rhc8 26. Kd1 Rc4 27. Rh2 Rd4+ 28. Kc1 Rxd5 29. a4 b4 30. Rb3 a5 31. Kb2 Rc8 32. Rg2 Rd4 33. Rh2 Rcc4 34. Rg2 Rxh4 35. g6 fxg6 36. Rxg6 Rh2 37. Rd3 Rhxc2+ 38. Kb1 Rc1+ 39. Kb2 R4c2+ 40. Kb3 Rc3+ 41. Rxc3 Rxc3+ 42. Kb2 Rxf3 0-1


[Site "https://www.chess.com"]

[Event "Titled Tuesday Blitz February 22 Early 2022"]
[White "Zemerov, Vladimir"]
[Black "Khamzin, Olzhas"]
[WhiteFideId "4111583"]
[BlackFideId "13701690"]
[WhiteElo "2277"]
[BlackElo "2194"]
[Result "1-0"]
[Round "03"]
[TimeControl "180+1"]
[Date "2022.02.22"]
[WhiteClock "0:01:01"]
[BlackClock "0:00:10"]

1. d4 Nf6 2. c4 c5 3. d5 e6 4. Nc3 exd5 5. cxd5 Bd6 6. e4 O-O 7. Nf3 Re8 8. Bd3 c4 9. Bc2 Bc5 10. O-O d6 11. Bg5 Bg4 12. h3 Bxf3 13. Qxf3 Nbd7 14. Qg3 a6 15. a4 Kh8 16. Kh1 h6 17. Bd2 Qb6 18. Rab1 Bd4 19. f3 Qc7 20. Ne2 Bc5 21. Bc3 b5 22. axb5 axb5 23. b4 cxb3 24. Bxb3 Ne5 25. Qh4 Ng6 26. Qe1 Nd7 27. Ng3 Kh7 28. Nf5 f6 29. Nd4 b4 30. Ne6 Qb6 31. Bb2 Nde5 32. Qd2 Be3 33. Qe2 Nf4 34. Qe1 Ned3 35. Qd1 Nxb2 36. Rxb2 Nxe6 37. dxe6 Bd4 38. Rd2 Bc3 39. Rd3 Ra3 40. f4 Qc5 41. Rd5 Qe3 42. Bc2 Kh8 43. Rd3 Qc5 44. e5 fxe5 45. Rxd6 Bd4 46. Qh5 Qc8 47. Qg6 Kg8 48. Qh7+ Kf8 49. Rd7 Qxd7 50. exd7 1-0


[Site "https://www.chess.com"]

[Event "Titled Tuesday Blitz February 22 Early 2022"]
[White "Zhigalko, Sergei"]
[Black "Nenezic, Marko"]
[WhiteFideId "13502956"]
[BlackFideId "912123"]
[WhiteElo "2662"]
[BlackElo "2484"]
[Result "1-0"]
[Round "03"]
[TimeControl "180+1"]
[Date "2022.02.22"]
[WhiteClock "0:00:08"]
[BlackClock "0:00:05"]

1. e4 c5 2. Nf3 Nc6 3. c3 Nf6 4. e5 Nd5 5. Bc4 e6 6. d4 cxd4 7. cxd4 d6 8. O-O Be7 9. Bd2 O-O 10. Nc3 Nxc3 11. Bxc3 dxe5 12. dxe5 Bd7 13. Qe2 Qb6 14. a3 Rfd8 15. Bd3 Be8 16. h4 a6 17. Rfe1 Na7 18. Qe4 g6 19. Rad1 Bb5 20. Bd4 Qc6 21. Qe3 Bxd3 22. Bxa7 Bc4 23. Bd4 Bd5 24. Rc1 Qd7 25. Ng5 Rac8 26. Bc5 Bxc5 27. Rxc5 Rxc5 28. Qxc5 h6 29. Nh3 Qc6 30. Qe7 Re8 31. Qf6 Bxg2 32. Nf4 Be4 33. h5 g5 34. Qxh6 gxf4 35. Kh2 Bg2 36. Qg5+ Kf8 37. Qh6+ Ke7 38. Qg5+ Kd7 39. Qxg2 Qxg2+ 40. Kxg2 Rh8 41. Rh1 f6 42. exf6 e5 43. Kf3 Ke6 44. Ke4 Kxf6 45. h6 Rh7 46. Rh5 Kg6 47. Rh1 Kf6 48. a4 a5 49. b3 b6 50. f3 Kg6 51. Rh2 Kf6 52. Rh3 Ke6 53. Rh4 Kf6 54. Rh5 Kg6 55. Rxe5 Kxh6 56. Kxf4 Rc7 57. Re6+ Kg7 58. Rxb6 Rc2 59. Rb5 Rc3 60. Ke4 Kf6 61. f4 Ke6 62. Rb6+ Kf7 63. f5 Rh3 64. Ke5 Re3+ 65. Kf4 Rc3 66. Rb5 Rd3 67. Ke4 Rc3 68. Ke5 Re3+ 69. Kd6 Rf3 70. Kc6 Kf6 71. Kb6 1-0


[Site "https://www.chess.com"]

[Event "Titled Tuesday Blitz February 22 Early 2022"]
[White "Zhu, Jiner"]
[Black "Svane, Rasmus"]
[WhiteFideId "8608059"]
[BlackFideId "4657101"]
[WhiteElo "2281"]
[BlackElo "2645"]
[Result "0-1"]
[Round "03"]
[TimeControl "180+1"]
[Date "2022.02.22"]
[WhiteClock "0:00:03"]
[BlackClock "0:00:11"]

1. e4 c6 2. d4 d5 3. e5 Bf5 4. h4 h5 5. Bd3 Bxd3 6. Qxd3 Qa5+ 7. Nd2 e6 8. Nf3 Nh6 9. O-O Nf5 10. Nb3 Qa6 11. Qd1 b6 12. Bg5 c5 13. dxc5 Bxc5 14. Nxc5 bxc5 15. c3 Nc6 16. Re1 Rb8 17. b3 Qb5 18. Rc1 Qa5 19. Rc2 Qc7 20. Qe2 a5 21. Rd2 Qb6 22. Nh2 Ra8 23. Nf1 Qa6 24. Qf3 Qc8 25. Ng3 Nxg3 26. fxg3 Qc7 27. Rf2 Ra7 28. Qe2 Ne7 29. Qb5+ Kf8 30. Be3 Rb7 31. Qxc5 Qxc5 32. Bxc5 Ke8 33. Rf4 Nf5 34. Kf2 Kd7 35. b4 Rc8 36. a4 d4 37. Rd1 Ke8 38. Bxd4 axb4 39. cxb4 Rxb4 40. Be3 Rb3 41. Bd2 Rc2 42. Rf3 Rbb2 43. Rd3 f6 44. Kg1 fxe5 45. Bg5 Rxg2+ 46. Kf1 Nxg3+ 47. Rxg3 Rxg3 48. Rd8+ Kf7 49. Rd7+ Kg6 50. Re7 Rh3 51. Kg1 Ra3 52. Rxe6+ Kf5 0-1


[Site "https://www.chess.com"]

[Event "Titled Tuesday Blitz February 22 Early 2022"]
[White "Zierk, Steven"]
[Black "Weetik, Vjacheslav"]
[WhiteFideId "2034255"]
[BlackFideId "4153472"]
[WhiteElo "2494"]
[BlackElo "2469"]
[Result "1-0"]
[Round "03"]
[TimeControl "180+1"]
[Date "2022.02.22"]
[WhiteClock "0:00:15"]
[BlackClock "0:00:02"]

1. e4 c6 2. d4 d5 3. exd5 cxd5 4. Bd3 Nc6 5. c3 Qc7 6. Ne2 Bg4 7. O-O Nf6 8. Qe1 Bh5 9. f4 O-O-O 10. f5 e5 11. fxe6 fxe6 12. Nf4 Bd6 13. Nxe6 Bxh2+ 14. Kh1 Qd6 15. Nxd8 Rxd8 16. Qh4 Bg3 17. Bf5+ Kb8 18. Qxg3 Qxg3 19. Bf4+ Qxf4 20. Rxf4 Re8 21. Na3 Re2 22. Rb1 Ne7 23. Bd3 Rd2 24. Bc2 Bg6 25. Rc1 Ne4 26. Kg1 Ng3 27. Rf2 Ne2+ 28. Kf1 Bh5 29. Re1 Ng3+ 30. Kg1 Ne2+ 31. Kh2 Nc6 32. Bd1 Nxc3 33. Rxd2 Nxd1 34. Rexd1 1-0


[Site "https://www.chess.com"]